 Dungeon Crawl Stone Soup version 0.30-a0-956-gcec3b41aec (webtiles) character file.

Game seed: 11074835958994792801

4249 lesbiats the Basher (level 10, -5/98 HPs)
             Began as a Troll Fighter on Mar 30, 2023.
             Was a Believer of Trog.
             Slain by a hornet (12 damage)
             ... on level 8 of the Dungeon.
             The game lasted 00:28:55 (7020 turns).

lesbiats the Basher (Troll Fighter)                 Turns: 7020, Time: 00:28:56

Health: -5/98      AC:  4    Str: 30    XL:     10   Next: 9%
Magic:  9/9        EV:  9    Int:  4    God:    Trog [**....]
Gold:   365        SH:  7    Dex:  9    Spells: 7/9 levels left

rFire   . . .      SeeInvis .    f - +2 flail (protect)
rCold   + . .      Faith    +    c - +0 kite shield
rNeg    . . .      Spirit   .    b - +0 robe
rPois   .          Reflect  .    (helmet restricted)
rElec   .          Rampage  .    (no cloak)
rCorr   .                        (gloves unavailable)
Will    +++..                    (boots unavailable)
Stlth   +                        x - amulet of faith
HPRegen 2.16/turn                A - ring of protection from cold
MPRegen 0.11/turn                H - ring of willpower

@: lethally poisoned (-5 -> -6), strong-willed, flying, regenerating, slowed,
very slow
A: large, unfitting armour, claws 3, regeneration 1, shaggy fur 1, tough skin 1
a: Renounce Religion, Berserk, Trog's Hand


You were on level 8 of the Dungeon.
You worshipped Trog.
Trog was pleased with you.
You visited 2 branches of the dungeon, and saw 9 of its levels.
You also visited: Sewer.

You collected 365 gold pieces.

Inventory:

Hand Weapons
 f - a +2 flail of protection (weapon)
Missiles
 j - 6 atropa-tipped darts
 o - 19 poisoned darts
 p - 16 boomerangs (quivered)
 q - 3 throwing nets
 y - a curare-tipped dart
Armour
 b - a +0 robe (worn)
 c - a +0 kite shield (worn)
Jewellery
 x - an amulet of faith (around neck)
 A - a ring of protection from cold (left claw)
 H - a ring of willpower (right claw)
Wands
 e - a wand of flame (36)
Scrolls
 h - a scroll of amnesia {unknown}
 i - a scroll of blinking {unknown}
 k - 2 scrolls of brand weapon
 l - 3 scrolls of teleportation
 r - 6 scrolls of poison
 s - a scroll of butterflies {unknown}
 u - 2 scrolls of fog
 E - a scroll of noise {unknown}
 F - 2 scrolls of enchant armour {unknown}
 G - 3 scrolls of immolation
Potions
 a - a potion of mutation {unknown}
 d - 3 potions of might
 g - 4 potions of brilliance
 m - a potion of ambrosia
 n - a potion of cancellation
 t - a potion of invisibility
 w - a potion of haste {unknown}
 z - a potion of attraction {unknown}
 B - a potion of resistance {unknown}
 C - 2 potions of flight
 D - a potion of degeneration {unknown}


   Skills:
 + Level 6.1 Fighting
 * Level 9.1 Maces & Flails
 + Level 4.9 Throwing
 + Level 6.1 Dodging
 - Level 2.6 Shields


You had 7 spell levels left.
You knew the following spells:

 Your Spells              Type           Power      Damage    Failure   Level
a - Passwall              Tmut/Erth      0%         N/A       91%         2

Your spell library contained the following spells:

 Spells                   Type           Power      Damage    Failure   Level
 Blink                    Tloc           0%         N/A       91%         2
 Ensorcelled Hibernation  Hex/Ice        0%         N/A       91%         2
 Lesser Beckoning         Tloc           0%         N/A       91%         2
 Momentum Strike          Conj/Tloc      0%         3d8       91%         2
 Inner Flame              Hex/Fire       0%         N/A       99%         3
 Swiftness                Air            0%         N/A       99%         3
 Flame Wave               Conj/Fire      0%         2d4       100%        4
 Leda's Liquefaction      Hex/Erth       0%         N/A       100%        4
 Sticky Flame             Conj/Fire      0%         2d3       100%        4
 Lee's Rapid Deconstruct  Erth           0%         3d4*      100%        5
 Statue Form              Tmut/Erth      0%         N/A       100%        6


Dungeon Overview and Level Annotations

Branches:
Dungeon (8/15)             Temple (1/1) D:6           Sewer (visited)
   Lair: D:8-11

Altars:
Ashenzari
Cheibriados
Dithmenos
Elyvilon
Gozag
Hepliaklqana
Kikubaaqudgha
Makhleb
Nemelex Xobeh
Okawaru
Qazlal
Ru
Sif Muna
Trog
Uskayaw
Vehumet
Xom
Yredelemnul
Zin
The Shining One

Annotations:
D:8 Erica
Temple 4 transporters


Innate Abilities, Weirdness & Mutations

You are too large for most types of armour.
You have claws for hands.
Your natural rate of healing is unusually fast.
You are covered in fur. (AC +1)
You have tough skin. (AC +1)


Message History

You can move again.
You closely miss the hornet.
The hornet is heavily wounded.
The hornet stings you!
* * * LOW HITPOINT WARNING * * *
You are poisoned.
You feel as though you will be slow longer.
You block the hornet's attack. The hornet stings you.
* * * LOW HITPOINT WARNING * * *
You feel as though you will be slow longer.
The hornet attacks as you move away! The hornet barely misses you.
You feel very sick. The hornet stings you.
* * * LOW HITPOINT WARNING * * *
You feel as though you will be slow longer.
Things that are here:
a +0 shortbow; a centaur corpse It was a potion of flight.
You feel very buoyant.
You fly up into the air.
You feel sick. The hornet stings you.
* * * LOW HITPOINT WARNING * * *
You are more poisoned.
You feel as though you will be slow longer.
The hornet stings you!
* * * LOW HITPOINT WARNING * * *
You feel as though you will be slow longer.
You block the hornet's attack.
You feel much better.
You feel very sick. You block the hornet's attack. The hornet stings you!
* * * LOW HITPOINT WARNING * * *
You feel as though you will be slow longer.
Your skin crawls.
You feel strong-willed.
You feel very sick. The hornet stings you!
* * * LOW HITPOINT WARNING * * *
You feel as though you will be slow longer.
The hornet stings you!
You die...

#...........# #####
###.#########.# ##...##
#...<....# #.# #.....#######
#.#.####.# #.# #...........#
#.#.# #.# #.#
#.....#####.######.#.####.####.##
##..>#.## #............##........
##.###.#########..........###.##
#..#...........@y.#.#.##).###.##
##...#.#########.##....#..<.....
##...## #.##..#........## ##.##
#.###...##.##### #.####
#.##...###..# #....# #.##.###
##.# #.##.# #.##. .# #†##.# #.##.
.# #.##.# #.##. .#


You could see a hornet.

Vanquished Creatures
  A hornet (D:7)
  A wyvern (D:8)
  A steam dragon (D:8)
  Menkaure (D:7)
  2 water moccasins
  An orc warrior (D:7)
  Duvessa (D:5)
  A sky beast (D:5)
  A black bear (D:8)
  An ice beast (D:6)
  2 centaurs (D:8)
  2 phantoms
  3 kobold brigands (Sewer)
  6 bullfrogs
  2 gnoll sergeants
  2 scorpions
  6 wights
  Dowan (D:5)
  5 killer bees (D:8)
  7 howler monkeys
  3 jellies
  4 hounds
  2 orc priests
  2 sleepcaps
  6 iguanas
  3 orc wizards
  5 river rats
  8 adders
  20 gnolls
  3 white imps (D:5)
  3 ufetubi
  4 worms
  3 dart slugs
  34 orcs
  3 ball pythons
  7 bats
  4 endoplasms
  2 giant cockroaches
  7 goblins
  5 hobgoblins (D:2)
  13 jackals
  5 quokkas
  3 frilled lizards (D:1)
  12 kobolds
  7 rats
215 creatures vanquished.

Notes
Turn   | Place    | Note
-------+----------+-------------------------------------------
     0 | D:1      | lesbiats the Troll Fighter began the quest for the Orb.
     0 | D:1      | Reached XP level 1. HP: 22/22 MP: 0/0
    28 | D:1      | Reached skill level 2 in Maces & Flails
   156 | D:1      | Reached XP level 2. HP: 29/29 MP: 1/1
   266 | D:1      | Found a faded altar of an unknown god.
   604 | D:2      | Reached XP level 3. HP: 36/36 MP: 2/2
   864 | D:2      | Reached skill level 3 in Maces & Flails
  1099 | D:2      | Reached XP level 4. HP: 44/44 MP: 3/3
  1464 | D:3      | Found a glowing drain.
  1468 | Sewer    | Entered a sewer
  1470 | Sewer    | Noticed a kobold brigand
  1484 | Sewer    | Killed a kobold brigand
  1485 | Sewer    | Reached XP level 5. HP: 35/53 MP: 4/4
  1556 | Sewer    | Reached skill level 4 in Maces & Flails
  1754 | Sewer    | Reached XP level 6. HP: 45/61 MP: 5/5
  2121 | D:3      | d3 gold needs digging or passwall
  2256 | D:3      | Reached skill level 5 in Maces & Flails
  2547 | D:3      | Reached XP level 7. HP: 53/68 MP: 6/6
  2857 | D:4      | Found a shimmering altar of Xom.
  2997 | D:5      | Entered Level 5 of the Dungeon
  3012 | D:5      | Noticed Dowan
  3028 | D:5      | Killed Dowan
  3029 | D:5      | Noticed Duvessa
  3038 | D:5      | Killed Duvessa
  3039 | D:5      | Reached skill level 1 in Throwing
  3281 | D:5      | Reached skill level 6 in Maces & Flails
  3341 | D:5      | Reached XP level 8. HP: 77/79 MP: 7/7
  3589 | D:3      | Learned a level 2 spell: Passwall
  4549 | D:6      | Found a staircase to the Ecumenical Temple.
  4556 | Temple   | Entered the Ecumenical Temple
  4556 | Temple   | Found a transporter.
  4556 | Temple   | Found a transporter.
  4558 | Temple   | Found a transporter.
  4558 | Temple   | Found a transporter.
  4574 | Temple   | Became a worshipper of Trog the Wrathful
  4733 | D:6      | Reached skill level 5 in Fighting
  4733 | D:6      | Reached skill level 7 in Maces & Flails
  4733 | D:6      | Reached skill level 5 in Dodging
  5232 | D:6      | Reached XP level 9. HP: 88/88 MP: 8/8
  5415 | D:7      | Reached * piety under Trog
  5592 | D:7      | Noticed Menkaure
  5625 | D:7      | Killed Menkaure
  5764 | D:7      | Reached skill level 8 in Maces & Flails
  6061 | D:7      | Paralysed by a hornet for 1 turns
  6416 | D:8      | Reached ** piety under Trog
  6475 | D:8      | Found a broken altar of Ashenzari.
  6596 | D:8      | Found a glowing silver altar of Zin.
  6596 | D:8      | Found a sacrificial altar of Ru.
  6596 | D:8      | Found a sparkling altar of Nemelex Xobeh.
  6596 | D:8      | Noticed Erica
  6601 | D:8      | Paralysed by a hornet for 3 turns
  6786 | D:8      | Reached XP level 10. HP: 20/98 MP: 9/9
  6796 | D:8      | Reached skill level 9 in Maces & Flails
  7014 | D:8      | Paralysed by a hornet for 2 turns
  7020 | D:8      | Slain by a hornet

Illustrated notes

.......#..........#
..........#.###...
(......#..#†###.#..
.......#..#........
.......#...........
.##### ###.............
......#######...........
[.......##..............
#@...###..........
####..##..........
#.....###.........
#.###...##.......
#.#$#...........
#.###..######## #.....##
##..### ...>


Turn 2121 on D:3: d3 gold needs digging or passwall

Levels and vault maps discovered:
D:1:      minmay_arrival_plants_in_alcoves, layout_rooms,
          ebering_ecumenical_altar_petrified, minmay_pentomino_r4
D:2:      layout_basic
D:3:      layout_rooms, gup_sewer_entry_spiral, item_on_display_a
D:4:      layout_cave_pools, xom_teletrap_fun, minivault_19
D:5:      layout_basic, minivault_11, uniq_duvessa
D:6:      layout_gridville, minmay_temple_entry_wispy
D:7:      layout_basic, supply_closet_lemuel, uniq_menkaure
D:8:      layout_loops_ring, mainiacjoe_overflow_cross_hatched,
          grunt_temple_overflow_open, uniq_erica
Temple:   hellmonk_temple_divided_pantheon

Skill      XL: |  1  2  3  4  5  6  7  8  9 10 |
---------------+-------------------------------+-----
Maces & Flails | 2 3 4 5 6 7 8 9 |  9.1
Fighting       | 3 4 5 6 |  6.1
Dodging        | 3 4 5 6 |  6.1
Throwing       | 1 3 4 |  4.9
Shields        | |  2.6

Action                     |  1- 3 |  4- 6 |  7- 9 | 10-12 || total
---------------------------+-------+-------+-------+-------++-------
  Melee: Flail             |   158 |   212 |   379 |    26 ||   775
  Throw: Boomerang         |       |     1 |    89 |     6 ||    96
         Dart              |       |       |     6 |       ||     6
   Cast: Passwall          |       |       |     2 |       ||     2
 Invoke: Trog's Hand       |       |       |       |     2 ||     2
         Berserk           |       |       |       |     1 ||     1
    Use: Scroll            |     1 |     5 |     5 |       ||    11
         Potion            |       |     2 |     2 |     2 ||     6
   Stab: Sleeping          |       |     2 |       |       ||     2
 Armour: Robe              |    62 |    46 |   130 |    11 ||   249
  Dodge: Dodged            |    70 |    95 |   176 |    15 ||   356
  Block: Kite shield       |    65 |    91 |   167 |    21 ||   344

Table legend: (Time is in decaauts)
 A = Elapsed time spent in this place.
 B = Non-inter-level travel time spent in this place.
 C = Inter-level travel time spent in this place.
 D = Time resting spent in this place.
 E = Time spent auto-exploring this place.
 F = Levels seen in this place.
 G = Mean time per level.
                   A        B        C        D        E       F      G
               +--------+--------+--------+--------+--------+-----+--------+
         Total |   7319 |   6746 |    573 |    639 |   3577 |  10 |  731.9 |
       Dungeon |   6782 |   6226 |    556 |    597 |   3446 |   8 |  847.8 |
        Temple |     36 |     19 |     17 |      0 |      0 |   1 |   36.0 |
         Sewer |    499 |    499 |      0 |     42 |    131 |   1 |  499.0 |
               +--------+--------+--------+--------+--------+-----+--------+

Top non-repeatable levels by time:
     D:5: 1362 daAuts
     D:7: 997 daAuts
     D:6: 962 daAuts
     D:2: 868 daAuts
     D:3: 825 daAuts
     D:8: 698 daAuts
     D:1: 576 daAuts
   Sewer: 499 daAuts
     D:4: 490 daAuts
  Temple: 36 daAuts
